 Dungeon Crawl Stone Soup version 0.31.0-4-g52a2dc7128 (webtiles) character file.

Game seed: 16033468842613142563

6591 Gottschkopf the Fighter (level 10, -10/100 HPs)
             Began as a Minotaur Fighter on Jan 22, 2024.
             Was an Elder of Makhleb.
             Mangled by a six-headed hydra (12 damage)
             ... on level 4 of the Lair of Beasts.
             The game lasted 00:20:58 (7253 turns).

Gottschkopf the Fighter (Minotaur Fighter)          Turns: 7253, Time: 00:20:59

Health: -10/100    AC: 16    Str: 32    XL:     10   Next: 71%
Magic:  9/9        EV:  8    Int:  5    God:    Makhleb [****..]
Gold:   379        SH:  5    Dex:  9    Spells: 9/9 levels left

rFire   . . .        H - +2 morningstar (holy)
rCold   . . .        I - orb {light}
rNeg    . . .        i - +0 plate armour
rPois   .            (helmet restricted)
rElec   .            (no cloak)
rCorr   .            (no gloves)
SInv    +            F - +0 pair of boots
Will    .....        S - amulet of reflection Stlth
                     r - +6 ring of strength
HPRegen 0.36/turn    w - ring of see invisible
MPRegen 0.11/turn

%: reflection
@: lethally poisoned (-10 -> -21), glowing
A: horns 2, retaliatory headbutt
a: Renounce Religion, Minor Destruction, Lesser Servant of Makhleb, Major
Destruction


You were on level 4 of the Lair of Beasts.
You worshipped Makhleb.
Makhleb was greatly pleased with you.
You visited 2 branches of the dungeon, and saw 12 of its levels.
You also visited: Ossuary.

You collected 379 gold pieces.

Inventory:

Hand Weapons
 H - a +2 morningstar of holy wrath (weapon)
 J - a +1 trident of venom
 N - a +4 war axe of freezing
Missiles
 M - a throwing net (quivered)
Armour
 c - a +0 buckler
 i - a +0 plate armour (worn)
 F - a +0 pair of boots (worn)
 I - an orb of light (worn)
Jewellery
 j - a ring of fire
 r - a +6 ring of strength (left hand)
 v - an amulet of magic regeneration
 w - a ring of see invisible (right hand)
 C - a ring of ice
 G - a ring of ice
 S - an amulet of reflection (around neck)
 U - a ring of flight
 Z - a ring of fire
Wands
 t - a wand of flame (38)
 y - a wand of mindburst (35)
 W - a wand of digging (8)
Scrolls
 a - 2 scrolls of fear {unknown}
 b - 5 scrolls of teleportation {unknown}
 e - 2 scrolls of enchant armour {unknown}
 h - a scroll of vulnerability {unknown}
 k - a scroll of torment {unknown}
 p - 5 scrolls of identify {unknown}
 q - 4 scrolls of fog {unknown}
 s - 5 scrolls of poison {unknown}
 u - 2 scrolls of enchant weapon {unknown}
 z - 5 scrolls of revelation {unknown}
 E - 3 scrolls of blinking {unknown}
 R - a scroll of noise {unknown}
 T - a scroll of butterflies {unknown}
 X - a scroll of amnesia {unknown}
Potions
 d - a potion of might
 f - a potion of invisibility {unknown}
 g - 3 potions of brilliance {unknown}
 m - a potion of lignification {unknown}
 n - 3 potions of haste {unknown}
 o - 2 potions of enlightenment {unknown}
 x - 2 potions of berserk rage {unknown}
 A - 2 potions of degeneration {unknown}
 B - 2 potions of attraction {unknown}
 D - a potion of resistance {unknown}
 K - a potion of cancellation {unknown}
 L - 2 potions of mutation {unknown}
 P - 3 potions of curing {unknown}
 Q - 3 potions of heal wounds {unknown}
 V - a potion of magic {unknown}


   Skills:
 - Level 12.8 Fighting
 - Level 2.4 Long Blades
 + Level 8.5 Maces & Flails
 + Level 11.3 Armour
 - Level 7.5 Shields


You had 9 spell levels left.
You didn't know any spells.
Your spell library contained the following spells:

 Spells                   Type           Power      Damage    Failure   Level
 Apportation              Tloc           0%         N/A       97%         1
 Necrotise                Necr           0%         1d4       97%         1
 Sting                    Conj/Alch      0%         1d3       97%         1
 Summon Small Mammal      Summ           0%         N/A       97%         1
 Blink                    Tloc           0%         N/A       99%         2
 Lesser Beckoning         Tloc           0%         N/A       99%         2
 Momentum Strike          Conj/Tloc      0%         3d8       99%         2
 Inner Flame              Hex/Fire       0%         N/A       100%        3
 Stone Arrow              Conj/Erth      0%         3d7       100%        3
 Animate Armour           Summ/Erth      0%         N/A       100%        4
 Flame Wave               Conj/Fire      0%         2d4       100%        4
 Sticky Flame             Fire/Alch      0%         2d4       100%        4
 Lehudib's Crystal Spear  Conj/Erth      0%         10d2      100%        8


Dungeon Overview and Level Annotations

Branches:
Dungeon (8/15)             Temple (0/1) D:7            Lair (4/5) D:8
Ossuary (visited)
  Swamp: Lair:2-3    Shoals: Lair:2-3     Snake: Lair:2-3    Spider: Lair:2-3
  Slime: Lair:4-5

Altars:
Ashenzari
Fedhas
Hepliaklqana
Kikubaaqudgha
Makhleb
Ru
Sif Muna
Uskayaw
Wu Jian
Xom
Yredelemnul


Innate Abilities, Weirdness & Mutations

You have a pair of horns on your head.
You reflexively headbutt those who attack you in melee.


Message History

The six-headed hydra bites you. x2
The six-headed hydra closely misses you.
There is a stone staircase leading up, spattered with blood here.
You puncture the water moccasin!
The water moccasin is heavily wounded.
The water moccasin closely misses you. The six-headed hydra bites you. x3
The six-headed hydra bites you but does no damage.
The six-headed hydra bites you. The six-headed hydra bites you!
The water moccasin bites you but does no damage.
You hit the water moccasin.
Your headbutt misses the water moccasin.
The water moccasin is severely wounded.
The water moccasin bites you but does no damage.
The six-headed hydra bites you but does no damage.
The six-headed hydra bites you. The six-headed hydra bites you!
The six-headed hydra bites you.
The six-headed hydra bites you but does no damage. x2
You hit the water moccasin.
You headbutt the water moccasin, but do no damage.
The water moccasin is almost dead.
The water moccasin bites you.
You are poisoned.
The water moccasin poisons you! The six-headed hydra bites you. x2
The six-headed hydra bites you!
* * * LOW HITPOINT WARNING * * *
The six-headed hydra closely misses you.
The six-headed hydra bites you.
* * * LOW HITPOINT WARNING * * *
The six-headed hydra bites you!
* * * LOW HITPOINT WARNING * * *
The water moccasin bites you.
* * * LOW HITPOINT WARNING * * *
You hit the water moccasin.
Your headbutt misses the water moccasin.
The water moccasin is almost dead.
* * * LOW HITPOINT WARNING * * *
You feel very sick.
The water moccasin bites you but does no damage.
The six-headed hydra bites you!
You die...

....###P...#
P...#......#
#..........##
#...........##
..?........###.
.............
#.#..D.....?
#.S@.......
##...#.##..
#...# ....#
......#
.........
...........
.#.#.........
..............


You could see a six-headed hydra and a water moccasin.

Vanquished Creatures
  A black mamba (Lair:3)
  A komodo dragon (Lair:3)
  A cane toad (Lair:1)
  Grinder (D:6)
  A hornet (D:7)
  5 blink frogs (Lair:3)
  A wraith (D:7)
  A wyvern (D:7)
  Eustachio (D:6)
  A steam dragon (D:7)
  A water moccasin (Lair:3)
  2 orc warriors (D:6)
  2 ice beasts
  A black bear (D:5)
  A sky beast (D:7)
  2 ogres (D:5)
  A centaur (D:7)
  2 phantoms (D:5)
  A kobold brigand (D:6)
  2 wyvern zombies (D:6)
  4 bullfrogs
  A necrophage (D:6)
  8 scorpions
  7 wights
  A howler monkey (D:5)
  A bombardier beetle (D:5)
  2 centaur zombies
  3 bullfrog zombies (D:6)
  4 orc priests (D:6)
  A centaur skeleton (D:3)
  6 hounds
  2 jellies
  5 human zombies
  A sleepcap (D:6)
  7 iguanas
  3 orc wizards
  3 scorpion zombies (Ossuary)
  A killer bee zombie (D:6)
  4 mummies
  A howler monkey zombie (D:6)
  11 adders
  6 gnolls
  A shadow imp (D:7)
  2 ufetubi (D:6)
  An adder zombie (Ossuary)
  4 dart slugs
  27 orcs
  10 endoplasms
  A giant cockroach (D:3)
  2 gnoll zombies (Ossuary)
  9 goblins
  3 hobgoblins
  9 jackals
  7 kobolds
  3 quokkas
  5 ball pythons
  4 ball python zombies (Ossuary)
  4 bats
  4 frilled lizards
  3 jackal zombies (Ossuary)
  An orc zombie (Ossuary)
  2 quokka skeletons (D:3)
  10 rats
223 creatures vanquished.

Notes
Turn   | Place    | Note
-------+----------+-------------------------------------------
     0 | D:1      | Gottschkopf the Minotaur Fighter began the quest for the
                  | Orb.
     0 | D:1      | Reached XP level 1. HP: 19/19 MP: 0/0
    56 | D:1      | Reached skill level 4 in Fighting
    57 | D:1      | Reached XP level 2. HP: 27/27 MP: 1/1
  1010 | D:2      | Reached XP level 3. HP: 22/34 MP: 2/2
  1431 | D:2      | Reached XP level 4. HP: 41/41 MP: 3/3
  1433 | D:2      | Reached skill level 5 in Fighting
  2038 | D:3      | Reached XP level 5. HP: 48/48 MP: 4/4
  2116 | D:3      | Found a hazy altar of Hepliaklqana.
  2118 | D:3      | Found a sacrificial altar of Ru.
  2596 | D:4      | Found a burning altar of Makhleb.
  2601 | D:4      | Became a worshipper of Makhleb the Destroyer
  2630 | D:4      | Found a hide-covered altar of Uskayaw.
  2651 | D:4      | Found an ornate altar of the Wu Jian Council.
  2854 | D:4      | Reached skill level 6 in Fighting
  2854 | D:4      | Reached skill level 5 in Shields
  2862 | D:4      | Reached skill level 5 in Armour
  3178 | D:4      | Found a shimmering altar of Xom.
  3230 | D:4      | Found a shimmering blue altar of Sif Muna.
  3286 | D:5      | Entered Level 5 of the Dungeon
  3325 | D:5      | Reached XP level 6. HP: 51/58 MP: 5/5
  3597 | D:5      | Reached skill level 7 in Fighting
  3601 | D:5      | Reached * piety under Makhleb
  3624 | D:5      | Reached XP level 7. HP: 14/66 MP: 6/6
  3847 | D:5      | Reached skill level 8 in Fighting
  3948 | D:5      | Found a broken altar of Ashenzari.
  4095 | D:5      | Reached XP level 8. HP: 75/75 MP: 7/7
  4423 | D:5      | Reached skill level 9 in Fighting
  4537 | D:6      | Noticed Grinder
  4631 | D:6      | Killed Grinder
  4784 | D:6      | Reached skill level 10 in Fighting
  4845 | D:6      | Reached skill level 1 in Maces & Flails
  5077 | D:6      | Reached ** piety under Makhleb
  5153 | D:6      | Reached XP level 9. HP: 80/86 MP: 8/8
  5302 | D:6      | Reached skill level 11 in Fighting
  5303 | D:6      | Found a basalt altar of Yredelemnul.
  5398 | D:6      | Found an ancient bone altar of Kikubaaqudgha.
  5400 | D:6      | Found a blossoming altar of Fedhas.
  5401 | D:6      | Noticed Eustachio
  5412 | D:6      | Killed Eustachio
  5856 | D:7      | Found a sand-covered staircase.
  5862 | Ossuary  | Entered an ossuary
  5891 | Ossuary  | Reached skill level 12 in Fighting
  5914 | Ossuary  | Reached *** piety under Makhleb
  5999 | Ossuary  | Reached skill level 5 in Maces & Flails
  6281 | D:7      | Found a staircase to the Ecumenical Temple.
  6283 | D:7      | Identified the +4 whip of Uskayaw's Whim {protect, rF+
                  | Int-2 Dex+5}
  6309 | D:7      | Reached XP level 10. HP: 65/100 MP: 9/9
  6891 | D:8      | Identified the +5 short sword of Giephazo {flame, rF++}
  6988 | D:8      | Found a staircase to the Lair.
  7158 | Lair:1   | Entered Level 1 of the Lair of Beasts
  7188 | Lair:1   | Noticed a cane toad
  7192 | Lair:1   | Killed a cane toad
  7193 | Lair:1   | Reached skill level 10 in Armour
  7201 | Lair:1   | You fall into a shaft and drop 1 floor!
  7210 | Lair:2   | You fall into a shaft and drop 1 floor!
  7210 | Lair:3   | Noticed an elephant
  7210 | Lair:3   | Noticed an elephant
  7211 | Lair:3   | Noticed an elephant
  7211 | Lair:3   | Noticed an elephant
  7212 | Lair:3   | Noticed an elephant
  7217 | Lair:4   | Noticed a six-headed hydra
  7224 | Lair:3   | Noticed a black mamba
  7227 | Lair:3   | Killed a black mamba
  7246 | Lair:3   | Reached **** piety under Makhleb
  7253 | Lair:4   | HP: 2/100 [poisoned by a water moccasin]
  7253 | Lair:4   | Mangled by a six-headed hydra

Illustrated notes

Levels and vault maps discovered:
D:1:      minmay_arrival_shattered_statue, layout_basic,
          amcnicky_mini_pool_small
D:2:      layout_basic, moated_statue
D:3:      layout_loops_corners, mainiacjoe_overflow_catwalk_spiral,
          serial_undead, serial_undead_e, serial_undead_d, serial_undead_a,
          serial_undead_d
D:4:      layout_loops_ring, nicolae_overflow_quartered_altars,
          lightli_temple_of_fire
D:5:      minmay_inner_zag, layout_cave_pods, mainiacjoe_overflow_alcove_1,
          minmay_joined_circles
D:6:      layout_rooms, grunt_temple_overflow_growth_and_decay,
          lemuel_mausoleum_altar_yredelemnul, uniq_grinder, uniq_eustachio
D:7:      layout_basic, minmay_temple_entry_from_below_a, enter_ossuary_2
D:8:      layout_cave_pools, lair_entry_dummy, dilly_guarded_unrand_devastator,
          uniq_maggie
Lair:1:   layout_long_grid, grunt_megastairs_1
Lair:2:   layout_cave_pods, minmay_snake_entry_six_corridors
Lair:3:   layout_hall_layers, elwin_shoals_entry_rooms,
          portal_ice_cave_entry_imps, wad_woods_road_01, lemuel_fruit_fields,
          infiniplex_staircase_pool_2
Lair:4:   layout_small_grid, slime_entry_2, basic_altar,
          pdpol_lair_neglected_garden, grunt_megastairs_2, uniq_josephine

Skill      XL: |  1  2  3  4  5  6  7  8  9 10 |
---------------+-------------------------------+-----
Fighting       | 4 5 6 7 8 10 12 | 12.8
Shields        | 4 5 6 7 |  7.5
Armour         | 4 5 6 7 9 11 | 11.3
Maces & Flails | 2 5 8 |  8.5
Long Blades    | |  2.4

Action                     |  1- 3 |  4- 6 |  7- 9 | 10-12 || total
---------------------------+-------+-------+-------+-------++-------
  Melee: Long sword        |    14 |       |       |       ||    14
         Headbutt          |    18 |    33 |    37 |    12 ||   100
         Dagger            |    78 |   151 |       |       ||   229
         Great mace        |       |    57 |    19 |       ||    76
         Morningstar       |       |       |   148 |    14 ||   162
         War axe           |       |       |    37 |    29 ||    66
  Evoke: Wand              |       |       |     1 |       ||     1
 Armour: Scale mail        |    19 |       |       |       ||    19
         Plate armour      |    72 |   204 |   221 |    90 ||   587
  Dodge: Dodged            |    37 |    89 |    89 |    33 ||   248
  Block: Buckler           |     9 |       |    15 |       ||    24
